 Dungeon Crawl Stone Soup version 0.29-a0-418-gc0181ea820 (webtiles) character file.

Game seed: 8705953141140850137

68 Hubjo the Firebug (level 4, -2/26 HPs)
             Began as a Deep Elf Fire Elementalist on May 17, 2022.
             Slain by a white imp (5 damage)
             ... summoned by Natasha
             ... on level 2 of the Dungeon.
             The game lasted 00:01:58 (2396 turns).

Hubjo the Firebug (Deep Elf Fire Elementalist)      Turns: 2396, Time: 00:01:59

Health: -2/26      AC:  2    Str:  4 (5)  XL:     4   Next: 1%
Magic:  3/11       EV: 12    Int: 21 (22) God:
Gold:   121        SH:  0    Dex: 13 (15) Spells: 9/10 levels left

rFire   . . .      SeeInvis .   g - +0 short sword (speed)
rCold   . . .      Faith    .   (no shield)
rNeg    . . .      Spirit   .   a - +0 robe
rPois   .          Reflect  .   (no helmet)
rElec   .          Harm     .   (no cloak)
rCorr   .          Rampage  .   (no gloves)
Will    .....                   (no boots)
Stlth   ++........              e - amulet of regeneration
HPRegen 0.88/turn               (no ring)
MPRegen 0.12/turn               (no ring)

@: slowed, very slow
A: no striking features
a: no special abilities


You were on level 2 of the Dungeon.
You visited 1 branch of the dungeon, and saw 2 of its levels.

You collected 121 gold pieces.

Inventory:

Hand Weapons
 g - a +0 short sword of speed (weapon)
Armour
 a - a +0 robe (worn)
Jewellery
 e - an amulet of regeneration (around neck)
Wands
 d - a wand of flame (14)
Scrolls
 c - 3 scrolls of blinking {unknown}
 f - a scroll of amnesia {unknown}
 i - a scroll of poison {unknown}
Potions
 b - a potion of magic
 h - 2 potions of might {unknown}


   Skills:
 * Level 1.7 Fighting
 - Level 2.4 Dodging
 + Level 3.2 Stealth
 + Level 3.7 Spellcasting
 - Level 1.1 Conjurations
 + Level 3.8 Fire Magic


You had 9 spell levels left.
You knew the following spells:

 Your Spells              Type           Power      Damage    Failure   Level
a - Foxfire               Conj/Fire      56%        2x1d6     4%          1

Your spell library contained the following spells:

 Spells                   Type           Power      Damage    Failure   Level
 Scorch                   Fire           40%        2d7       3%          2
 Conjure Flame            Conj/Fire      14%        6-21      14%         3
 Inner Flame              Hex/Fire       11%        N/A       17%         3
 Flame Wave               Conj/Fire      14%        2d6       41%         4


Dungeon Overview and Level Annotations

Branches:
Dungeon (2/15)

Altars:

Annotations:
D:2 Natasha


Message History

The foxfire hits Natasha but does no damage.
Natasha is heavily wounded.
Natasha claws you! Natasha barely misses you. Natasha attacks as you move away!
Natasha barely misses you. Natasha closely misses you. Natasha claws you.
You conjure some foxfire!
Natasha closely misses you.
You conjure some foxfire!
The foxfire hits Natasha but does no damage.
Natasha is moderately wounded.
The foxfire hits Natasha.
Natasha is heavily wounded.
Natasha stares at you and mumbles some strange words.
You feel as though you will be slow longer.
Natasha mumbles some strange words.
You conjure some foxfire!
The foxfire hits Natasha.
Natasha is heavily wounded.
The foxfire hits Natasha but does no damage.
Natasha is heavily wounded.
Natasha casts a spell at you. The magic dart hits you!
The white imp shouts, "Slither away, thou reeling-ripe moon-mazed frater!"
The foxfire hits the white imp!
The white imp is burned terribly!
The white imp is severely wounded.
You hit Natasha but do no damage.
Natasha is heavily wounded.
The foxfire hits the white imp.
The white imp is burned terribly!
The white imp is almost dead.
Natasha howls an incantation.
Natasha glows brightly for a moment.
Natasha claws you!
* * * LOW HITPOINT WARNING * * *
You are too injured to fight recklessly!
Casting: Foxfire (safe; 4% risk of failure)
Confirm with . or Enter, or press ? or * to list all spells.
You conjure some foxfire!
Natasha barely misses you. The white imp hits you.
* * * LOW HITPOINT WARNING * * *
The white imp freezes you.
You die...

#########
#######.......#
#.......#####.####
#.#####.##.......#
#.....#.##)...##.#
#.##.......##.##.#####
#.#...#v##.##........#
#.....5@......##(###.#
#.#...vh##.#####.#
#.##
#...#.#.##.......#
#..#
###.....##########
##.# #.#.#.# #.##
#.....# #.##
#.###........ #...
####.######..... #..#
#.......#
....######..#


You could see Natasha and a white imp (summoned, ally target).

Vanquished Creatures
  Terence (D:2)
  An adder (D:2)
  A worm (D:2)
  A dart slug (D:1)
  2 bats
  2 endoplasms (D:2)
  A giant cockroach (D:1)
  2 goblins
  6 hobgoblins
  3 quokkas
  2 frilled lizards
  3 kobolds
  3 rats
28 creatures vanquished.

Vanquished Creatures (others)
  188 foxfires
188 creatures vanquished.

Grand Total: 216 creatures vanquished

Notes
Turn   | Place    | Note
-------+----------+-------------------------------------------
     0 | D:1      | Hubjo the Deep Elf Fire Elementalist began the quest for
                  | the Orb.
     0 | D:1      | Reached XP level 1. HP: 10/10 MP: 6/6
   512 | D:1      | Reached XP level 2. HP: 9/16 MP: 0/8
  1058 | D:1      | Reached skill level 1 in Fighting
  1539 | D:2      | Reached XP level 3. HP: 8/20 MP: 0/9
  1875 | D:2      | Noticed Terence
  1885 | D:2      | Killed Terence
  2284 | D:2      | Reached XP level 4. HP: 26/26 MP: 7/11
  2379 | D:2      | Noticed Natasha
  2396 | D:2      | Slain by a white imp

Illustrated notes

Levels and vault maps discovered:
D:1:      co_arrival_hexagon_in_a_hexagon, layout_loops_ring
D:2:      layout_loops_cross, serial_glass, glass_columns_a, glass_columns_b,
          glass_columns_a, glass_columns_a, uniq_terence, uniq_natasha

Skill      XL: |  1  2 |
---------------+-------+-----
Fighting       | 1 |  1.7
Stealth        | 3 |  3.2
Dodging        | |  2.4
Spellcasting   | |  3.7
Conjurations   | |  1.1
Fire Magic     | |  3.8

Action                   |  1- 3 |  4- 6 || total
-------------------------+-------+-------++-------
Melee: Unarmed           |     1 |       ||     1
       Short sword       |       |     1 ||     1
 Cast: Foxfire           |   121 |    10 ||   131
  Use: Potion            |     1 |       ||     1
Armor: Robe              |     2 |       ||     2
Dodge: Dodged            |    14 |     5 ||    19

Table legend: (Time is in decaauts)
 A = Elapsed time spent in this place.
 B = Non-inter-level travel time spent in this place.
 C = Inter-level travel time spent in this place.
 D = Time resting spent in this place.
 E = Time spent auto-exploring this place.
 F = Levels seen in this place.
 G = Mean time per level.
                   A        B        C        D        E       F      G
               +--------+--------+--------+--------+--------+-----+--------+
         Total |   2401 |   2382 |     19 |      0 |   2120 |   2 | 1200.5 |
       Dungeon |   2401 |   2382 |     19 |      0 |   2120 |   2 | 1200.5 |
               +--------+--------+--------+--------+--------+-----+--------+

Top non-repeatable levels by time:
     D:1: 1471 daAuts
     D:2: 929 daAuts
